 Dungeon Crawl Stone Soup version 0.24.0-35-gdb84b6a5db (webtiles) character file.

Game seed: 16529753815653017008, levelgen mode: deterministic

210 night the Chiller (level 5, -3/41 HPs)
             Began as a Draconian Ice Elementalist on Nov 17, 2019.
             Was an Initiate of Ashenzari.
             Slain by an ogre
             ... wielding a +0 giant spiked club
              (17 damage)
             ... on level 4 of the Dungeon.
             The game lasted 00:07:11 (2780 turns).

night the Chiller (Draconian Ice Elementalist)      Turns: 2780, Time: 00:07:11

Health: -3/41      AC: 14    Str: 10    XL:     5   Next: 56%
Magic:  5/10       EV: 12    Int: 16    God:    Ashenzari [......]
Gold:   199        SH:  0    Dex: 12    Spells: 4/10 levels left

rFire    . . .     SeeInvis .   d - +1 dagger (venom)
rCold    . . .     Gourm    .   (no shield)
rNeg     . . .     Faith    .   (armour unavailable)
rPois    .         Spirit   .   (helmet restricted)
rElec    .         Reflect  .   (no cloak)
rCorr    .         Harm     .   (no gloves)
MR       .....                  s - +0 pair of boots
Stlth    ++........             (no amulet)
HPRegen  0.13/turn              r - +3 ring of protection (curse)
MPRegen  0.12/turn              (no ring)

@: icy armour
A: unfitting armour, cold-blooded, AC +5
a: Curse Item, Renounce Religion


You were on level 4 of the Dungeon.
You worshipped Ashenzari.
Ashenzari was noncommittal.
You were not hungry.

You visited 1 branch of the dungeon, and saw 4 of its levels.

You collected 199 gold pieces.

Inventory:

Hand Weapons
 d - a +1 dagger of venom (weapon)
Missiles
 e - 15 poisoned darts (quivered)
 o - 6 boomerangs
Armour
 s - a +0 pair of boots (worn)
Jewellery
 r - a cursed +3 ring of protection (left hand)
Scrolls
 a - 3 scrolls of teleportation
 g - 3 scrolls of remove curse
 h - a scroll of amnesia
 j - a scroll of identify {unknown}
 m - a scroll of enchant armour {unknown}
 n - a scroll of magic mapping {unknown}
Potions
 c - 3 potions of curing
 f - a potion of brilliance {unknown}
 i - 2 potions of heal wounds {unknown}
 k - a potion of magic {unknown}
 l - 2 potions of lignification {unknown}
 p - a potion of haste {unknown}
 t - a potion of berserk rage {unknown}
Comestibles
 b - 4 rations
 q - 4 chunks of flesh


   Skills:
 + Level 2.2 Fighting
 - Level 1.7 Dodging
 - Level 1.7 Stealth
 * Level 3.3 Spellcasting
 * Level 2.5 Conjurations
 * Level 4.3 Ice Magic


You had 4 spell levels left.
You knew the following spells:

 Your Spells              Type           Power        Failure   Level  Hunger
a - Freeze                Ice            ###.         3%          1    None
b - Throw Frost           Conj/Ice       ##....       7%          2    ##.....
c - Ozocubu's Armour      Chrm/Ice       #.......     22%         3    ###....

Your spell library contained the following spells:

 Spells                   Type           Power        Failure   Level  Hunger
 Throw Icicle             Conj/Ice       ##......     41%         4    ####...
 Summon Ice Beast         Ice/Summ       #.......     58%         4    ####...


Dungeon Overview and Level Annotations

Branches:
Dungeon (4/15)
 Temple: D:4-7

Altars:
Ashenzari
Cheibriados
Kikubaaqudgha


Innate Abilities, Weirdness & Mutations

Your plain brown scales are hard. (AC +5)
You cannot fit into any form of body armour.
You are cold-blooded and may be slowed by cold attacks.


Message History

The ogre is heavily wounded.
The ogre hits you with a +0 giant spiked club!!
Ouch! That really hurt!
Casting: Ozocubu's Armour (safe; 22% risk of failure)
Confirm with . or Enter, or press ? or * to list all spells.
Aiming: Freeze (safe; 3% risk of failure)
Press: ? - help, Shift-Dir - straight line, f - ogre
Aim: an ogre, wielding a +0 giant spiked club (heavily wounded, poisoned)
You freeze the ogre.
The ogre is severely wounded.
The ogre barely misses you.
Casting: Freeze (safe; 3% risk of failure)
Confirm with . or Enter, or press ? or * to list all spells.
Aiming: Freeze (safe; 3% risk of failure)
Press: ? - help, Shift-Dir - straight line, f/p - ogre
Aim: an ogre, wielding a +0 giant spiked club (severely wounded, poisoned)
You freeze the ogre.
The ogre is almost dead.
The ogre hits you with a +0 giant spiked club!
You die...

#.....÷.....# .#
#.##....##..# ...#
#.##....##..##...# #.
.................###...
#.##.#..##..###......
#.##........# #...
#.#####.##..####.###.#
...............†.....#
.#########....##@###.#
.# #....##O#
.#######......##a#
.##....#......##S#
..............##h.
..................
###.####.......... #.#
#... #.#


You could see an ogre, a worker ant, an adder and a jackal.

Vanquished Creatures
  An orc priest (D:3)
  2 iguanas (D:4)
  An orc wizard (D:3)
  2 adders (D:3)
  An ooze (D:3)
  An adder skeleton (D:2)
  A worm (D:3)
  3 dart slugs
  4 orcs (D:3)
  2 giant cockroaches (D:1)
  8 hobgoblins
  6 jackals
  5 kobolds
  3 quokkas (D:3)
  A ball python (D:3)
  8 bats
  5 frilled lizards
  8 goblins
  9 rats
71 creatures vanquished.

Notes
Turn   | Place    | Note
-------+----------+-------------------------------------------
     0 | D:1      | night the Draconian Ice Elementalist began the quest for
                  | the Orb.
     0 | D:1      | Reached XP level 1. HP: 14/14 MP: 3/3
     6 | D:1      | Noticed a basilisk
     6 | D:1      | Noticed a worker ant
     7 | D:1      | Noticed a hell rat
     7 | D:1      | Noticed a fire giant
    86 | D:1      | Found a shattered altar of Ashenzari.
    96 | D:1      | Became a worshipper of Ashenzari the Shackled
   281 | D:1      | Reached XP level 2. HP: 16/22 MP: 3/5
   470 | D:1      | Reached skill level 1 in Fighting
   692 | D:1      | Learned a level 2 spell: Throw Frost
   761 | D:1      | Reached XP level 3. HP: 28/28 MP: 6/6
  1592 | D:3      | Found a snail-covered altar of Cheibriados.
  1855 | D:3      | Reached XP level 4. HP: 24/35 MP: 8/8
  1956 | D:3      | Learned a level 3 spell: Ozocubu's Armour
  2049 | D:3      | Reached skill level 4 in Ice Magic
  2059 | D:3      | Reached XP level 5. HP: 21/41 MP: 5/9
  2422 | D:3      | Found an ancient bone altar of Kikubaaqudgha.
  2764 | D:4      | Noticed an ogre
  2780 | D:4      | Slain by an ogre

Levels and vault maps discovered:
D:1:      onia_arrival_zoo_common, layout_rooms, ashenzari_altar_1
D:2:      layout_basic, first_ration
D:3:      cheibrodos_pilgrimage, layout_loops_cross, cheibriados_altar_1,
          lemuel_altar_in_water
D:4:      layout_basic, nicolae_ru_path_of_blood

Skill      XL: |  1  2  3  4  5 |
---------------+----------------+-----
Fighting       | 1 2 |  2.2
Spellcasting   | 3 |  3.3
Conjurations   | 2 |  2.5
Ice Magic      | 4 |  4.3
Dodging        | |  1.7
Stealth        | |  1.7

Action                   |  1- 3 |  4- 6 || total
-------------------------+-------+-------++-------
Melee: Dagger            |   105 |    81 ||   186
       Unarmed           |     3 |       ||     3
       Tailslap          |     5 |     6 ||    11
 Cast: Freeze            |    13 |     8 ||    21
       Throw Frost       |     5 |     5 ||    10
       Ozocubu's Armour  |       |     1 ||     1
  Use: Scroll            |     3 |       ||     3
 Stab: Sleeping          |     6 |     3 ||     9
  Eat: Chunk             |     3 |     4 ||     7
Armor: Skin              |    41 |    16 ||    57
Dodge: Dodged            |    60 |    42 ||   102
